 Dungeon Crawl Stone Soup version 0.29-a0-902-g0f71de6fce (webtiles) character file.

Game seed: 17867395976676091588

312 greasedhog the Cudgeller (level 6, 0/37 HPs)
             Began as a Gargoyle Monk on July 25, 2022.
             Slain by a gnoll
             ... wielding a +0 flail
              (7 damage)
             ... on level 4 of the Dungeon.
             The game lasted 00:05:20 (2791 turns).

greasedhog the Cudgeller (Gargoyle Monk)            Turns: 2791, Time: 00:05:20

Health: 0/37       AC: 12    Str: 16    XL:     6   Next: 42%
Magic:  6/6        EV:  7    Int: 17    God:
Gold:   167        SH:  0    Dex: 10    Spells: 5/5 levels left

rFire   + . .      SeeInvis .   a - +4 hand axe of Harmony {vorpal, +Blink rC+ Dex-2}
rCold   + + .      Faith    .   (no shield)
rNeg    + . .      Spirit   .   d - +0 chain mail
rPois   ∞          Reflect  .   (no helmet)
rElec   +          Harm     .   (no cloak)
rCorr   +          Rampage  .   (no gloves)
Will    .....                   (no boots)
Stlth   ..........              (no amulet)
HPRegen 0.12/turn               j - +6 ring of intelligence
MPRegen 0.10/turn               (no ring)

@: resistant
A: sickness immunity, AC +4, negative energy resistance 1, electricity
resistance, torment resistance 1, petrification resistance
a: Evoke Blink


You were on level 4 of the Dungeon.
You visited 1 branch of the dungeon, and saw 4 of its levels.

You collected 167 gold pieces.

Inventory:

Hand Weapons
 a - the +4 hand axe of Harmony (weapon) {vorpal, +Blink rC+ Dex-2}
   (You found it on level 3 of the Dungeon)

   It inflicts extra damage upon your enemies.
   Dex:       It affects your dexterity (-2).
   rC:        It protects you from cold.
   +Blink:    It lets you blink.
 n - a +0 flail
Missiles
 k - 7 poisoned darts (quivered)
Armour
 d - a +0 chain mail (worn)
Jewellery
 j - a +6 ring of intelligence (left hand)
 o - a +4 ring of protection
Wands
 p - a wand of paralysis (4)
Scrolls
 i - a scroll of butterflies
Potions
 b - 2 potions of attraction
 e - a potion of mutation {unknown}
 f - a potion of might {unknown}
 g - a potion of brilliance {unknown}
 l - a potion of curing {unknown}
 m - a potion of invisibility {unknown}


   Skills:
 - Level 3.2 Fighting
 * Level 5.3 Maces & Flails
 * Level 4.4 Dodging
 - Level 2.1 Stealth


You had 5 spell levels left.
You didn't know any spells.
Your spell library contained the following spells:

 Spells                   Type           Power      Damage    Failure   Level
 Gell's Gravitas          Tloc           0%         N/A       100%        3
 Lesser Beckoning         Tloc           0%         N/A       100%        3
 Ozocubu's Armour         Ice            0%         N/A       100%        3
 Teleport Other           Tloc           0%         N/A       100%        3
 Ozocubu's Refrigeration  Ice            0%         4d5       100%        7


Dungeon Overview and Level Annotations

Branches:
Dungeon (4/15)
 Temple: D:4-7

Altars:
Ashenzari
Elyvilon

Shops:
D:3 (

Annotations:
D:4 2 runed translucent doors


Innate Abilities, Weirdness & Mutations

You are immune to sickness and miasma.
Your stone body is resilient. (AC +4)
You are immune to poison.
You resist negative energy. (rN+)
You are resistant to electric shocks. (rElec)
You are resistant to unholy torment.
You are immune to petrification.


Message History

You hit the gnoll bouda.
The gnoll bouda is severely wounded.
The gnoll barely misses you.
The gnoll bouda barks out a call to the hunt!
The gnoll picks up the pace!
You slash the gnoll bouda!
You kill the gnoll bouda!
The gnoll barely misses you.
A gnoll comes into view. It is wielding a +0 halberd.
The gnoll barely misses you.
Your attacks no longer feel as feeble.
The gnoll hits you from afar with a +0 halberd.
The dart slug bites you but does no damage.
The gnoll hits you with a +0 spear.
A gnoll comes into view. It is wielding a +0 flail.
You see here a howler monkey corpse.
The gnoll shouts!
You hit the gnoll.
The gnoll is lightly wounded.
You hit the dart slug but do no damage. The gnoll barely misses you.
The gnoll hits you but does no damage.
A gnoll comes into view. It is wielding a +0 club.
You hit the gnoll.
The gnoll is severely wounded.
You hit the dart slug. The gnoll closely misses you.
The dart slug closely misses you. The gnoll hits you with a +0 spear.
You hit the gnoll.
You kill the gnoll!
You hit the dart slug.
You kill the dart slug!
The gnoll barely misses you. The gnoll hits you but does no damage.
The gnoll hits you with a +0 halberd.
* * * LOW HITPOINT WARNING * * *
Items here: )) = ††.
You barely miss the gnoll. The gnoll hits you with a +0 halberd.
* * * LOW HITPOINT WARNING * * *
It was a potion of resistance.
You feel protected. The gnoll hits you with a +0 flail!
You die...

..#..................
..#....†........[....
.....................
.............$.......
........####.........
...#..........#+####
...#.............)####
................†....###
#...............@.......
#.......#.....#.gg......
#.......#.....###g......
'.............. ....$..
#.............# .......
#............. .......
.........##. .......
.......... .......
....#...##


You could see 3 gnolls.

Vanquished Creatures
  An ogre (D:4)
  A howler monkey (D:4)
  A gnoll bouda (D:4)
  A hound (D:4)
  3 adders (D:2)
  2 gnolls (D:4)
  A shadow imp (D:4)
  An ufetubus (D:4)
  3 worms
  A dart slug (D:4)
  An orc (D:3)
  5 endoplasms
  2 giant cockroaches (D:1)
  6 goblins
  6 hobgoblins
  6 kobolds
  6 quokkas
  4 ball pythons
  6 bats
  A frilled lizard (D:3)
  6 rats
64 creatures vanquished.

Notes
Turn   | Place    | Note
-------+----------+-------------------------------------------
     0 | D:1      | greasedhog the Gargoyle Monk began the quest for the Orb.
     0 | D:1      | Reached XP level 1. HP: 14/14 MP: 1/1
   313 | D:1      | Reached XP level 2. HP: 19/19 MP: 2/2
  1095 | D:2      | Reached XP level 3. HP: 9/23 MP: 3/3
  1529 | D:2      | Found a faded altar of an unknown god.
  1624 | D:2      | Reached skill level 4 in Maces & Flails
  1624 | D:2      | Reached XP level 4. HP: 23/28 MP: 4/4
  2115 | D:3      | Found Qaygix's Antique Weapon Emporium.
  2343 | D:3      | Identified the +4 hand axe of Harmony {vorpal, +Blink rC+
                  | Dex-2}
  2527 | D:3      | Found a broken altar of Ashenzari.
  2536 | D:3      | Found a white marble altar of Elyvilon.
  2620 | D:4      | Found a large runed translucent door.
  2622 | D:4      | Found a large runed translucent door.
  2630 | D:4      | Noticed an ogre
  2673 | D:4      | Killed an ogre
  2674 | D:4      | Reached XP level 5. HP: 32/32 MP: 5/5
  2761 | D:4      | Reached skill level 5 in Maces & Flails
  2761 | D:4      | Reached XP level 6. HP: 32/37 MP: 6/6
  2791 | D:4      | Slain by a gnoll

Illustrated notes

Levels and vault maps discovered:
D:1:      tarquinn_simple_flora_water_b, layout_loops_ring,
          minmay_misc_feat_roman, serial_bayou_ford_a, dreamdust_princess_bridge
D:2:      layout_rooms, dreamdust_ecumenical_altar_angels_and_demons,
          minmay_small_reverse_x
D:3:      layout_rooms, mainiacjoe_overflow_swirl, serial_shops,
          nicolae_shop_trees
D:4:      layout_basic, serial_demonic, serial_demonic_a, serial_demonic_e,
          serial_demonic_a, serial_demonic_g, serial_demonic_g,
          minmay_misc_feat_rows, nicolae_eternal_life,
          minmay_hollow_rounded_squares, uniq_robin

Skill      XL: |  1  2  3  4  5 |
---------------+----------------+-----
Dodging        | 3 4 |  4.4
Maces & Flails | 4 5 |  5.3
Fighting       | |  3.2
Stealth        | |  2.1

Action                   |  1- 3 |  4- 6 || total
-------------------------+-------+-------++-------
Melee: Mace              |   106 |     3 ||   109
       Punch             |     3 |       ||     3
       Dagger            |       |    29 ||    29
       Hand axe          |       |    55 ||    55
Evoke: Wand              |       |     1 ||     1
  Use: Scroll            |     3 |     2 ||     5
       Potion            |       |     2 ||     2
 Stab: Paralysed         |       |     6 ||     6
Armor: Chain mail        |    61 |    47 ||   108
Dodge: Dodged            |    38 |    37 ||    75

Table legend: (Time is in decaauts)
 A = Elapsed time spent in this place.
 B = Non-inter-level travel time spent in this place.
 C = Inter-level travel time spent in this place.
 D = Time resting spent in this place.
 E = Time spent auto-exploring this place.
 F = Levels seen in this place.
 G = Mean time per level.
                   A        B        C        D        E       F      G
               +--------+--------+--------+--------+--------+-----+--------+
         Total |   2830 |   2762 |     68 |    301 |   1949 |   4 |  707.5 |
       Dungeon |   2830 |   2762 |     68 |    301 |   1949 |   4 |  707.5 |
               +--------+--------+--------+--------+--------+-----+--------+

Top non-repeatable levels by time:
     D:1: 1081 daAuts
     D:2: 1051 daAuts
     D:3: 494 daAuts
     D:4: 203 daAuts
